 Dungeon Crawl Stone Soup version 0.31-a0-1278-g11c5b68f87 (webtiles) character file.

Game seed: 2908025326725747417

250 experimilk the Reanimator (level 5, 0/28 HPs)
             Began as a Deep Elf Necromancer on Dec 17, 2023.
             Killed from afar by an orc wizard (7 damage)
             ... with a magic dart
             ... on level 4 of the Dungeon.
             The game lasted 00:13:26 (4021 turns).

experimilk the Reanimator (Deep Elf Necromancer)    Turns: 4021, Time: 00:13:27

Health: 0/28       AC:  5    Str:  5    XL:     5   Next: 88%
Magic:  6/11       EV: 12    Int: 22    God:
Gold:   184        SH:  0    Dex: 15    Spells: 1/10 levels left

rFire   . . .        j - +0 short sword
rCold   . . .        (no shield)
rNeg    + . .        a - +0 robe
rPois   .            (no helmet)
rElec   .            (no cloak)
rCorr   .            r - +0 pair of gloves
SInv    .            c - +1 pair of boots
Will    .....        (no amulet)
Stlth   ++           n - ring of positive energy
HPRegen 0.24/turn    p - +4 ring of slaying
MPRegen 0.12/turn

%: no passive effects
@: no status effects
A: no striking features
a: no special abilities


You were on level 4 of the Dungeon.
You visited 1 branch of the dungeon, and saw 4 of its levels.

You collected 184 gold pieces.

Inventory:

Hand Weapons
 j - a +0 short sword (weapon)
Armour
 a - a +0 robe (worn)
 c - a +1 pair of boots (worn)
 r - a +0 pair of gloves (worn)
Jewellery
 n - a ring of positive energy (left hand)
 p - a +4 ring of slaying (right hand)
 x - a ring of positive energy
Talismans
 h - a flux talisman
Wands
 y - a wand of roots (9)
Scrolls
 f - 3 scrolls of teleportation {unknown}
 k - a scroll of enchant armour
 l - a scroll of poison
 m - a scroll of noise {unknown}
 s - a scroll of brand weapon {unknown}
 t - a scroll of butterflies {unknown}
 w - a scroll of amnesia {unknown}
Potions
 b - 2 potions of magic
 d - 3 potions of heal wounds
 e - a potion of brilliance
 g - a potion of lignification
 i - a potion of enlightenment
 o - 2 potions of curing {unknown}
 q - a potion of might
 u - a potion of mutation {unknown}
 v - 2 potions of attraction {unknown}


   Skills:
 - Level 2.4 Dodging
 - Level 2.4 Stealth
 - Level 3.0 Spellcasting
 * Level 8.7 Necromancy


You had one spell level left.
You knew the following spells:

 Your Spells              Type           Power      Damage    Failure   Level
a - Agony                 Necr           41%        N/A       10%         5
x - Vampiric Draining     Necr           41%        2d8       1%          3
z - Necrotise             Necr           100%       1d9       1%          1

Your spell library contained the following spells:

 Spells                   Type           Power      Damage    Failure   Level
 Shock                    Conj/Air       12%        1d3       12%         1
 Animate Dead             Necr           41%        N/A       3%          4
 Blink                    Tloc           6%         N/A       19%         2
 Swiftness                Air            3%         N/A       36%         3
 Volatile Blastmotes      Fire/Tloc      6%         2d10      36%         3
 Airstrike                Air            1%         2d(1-17)  77%         4
 Fulminant Prism          Conj/Hex       1%         3d5       77%         4
 Iskenderun's Mystic Bla  Conj/Tloc      3%         2d3       77%         4
 Manifold Assault         Tloc           3%         N/A       77%         4


Dungeon Overview and Level Annotations

Branches:
Dungeon (4/15)
 Temple: D:4-7

Altars:
Dithmenos
Xom

Annotations:
D:2 Robin


Message History

The orc priest shouts!
An orc wizard comes into view. It is wielding a +0 dagger.
The orc writhes in agony!
You kill the orc!
The orc wizard shouts!
The dead are walking!
What are your orders? t - Shout!
Orders for allies: a - Attack new target. r - Retreat! s - Stop attacking. g - Guard the area. f - Follow me.
Anything else - Cancel.
Gang up on whom?
Press: ? - help, Dir - move target, f - orc wizard
Aim: an orc wizard, wielding a +0 dagger and wearing a +0 robe Attack!
Unknown command.
The orc priest mumbles some strange prayers to Beogh against you.
Beogh smites you!
The orc wizard points at you and mumbles some strange words.
You resist with some effort.
The orc priest calls down the wrath of Beogh upon you.
Beogh smites you!
* * * LOW HITPOINT WARNING * * *
The orc wizard hits your orc skeleton with a +0 dagger.
Your orc skeleton misses the orc wizard.
The gnoll closely misses you.
Your orc skeleton misses the orc wizard.
Okay, then.
Casting: Necrotise (safe; 1% risk of failure)
Confirm with . or Enter, or press ? or * to list all spells.
Aiming: Vampiric Draining (safe; 1% risk of failure)
Press: ? - help, Shift-Dir - straight line, f - gnoll, p - orc wizard
Aim: a gnoll, wielding a +0 spear You draw life force from the gnoll!
You feel life coursing into your body. The gnoll hits you with a +0 spear.
* * * LOW HITPOINT WARNING * * *
The orc wizard gestures at you while chanting.
The magic dart hits you!
You die...

#............# #
###.............#
#................#
###..............#...
#............##...... .
##...!........#..... ..
###......)......... ...
#......)..g#####. ....
#.........<@.### ....
###.............#..#
#.............#....##
#.............#...o.#
####.........#.......Zo..#
##............#.........#.#
.#...........#..##.#....# .
.............#..##.##...#
.........#.....##........


You could see an orc priest, an orc wizard (ally target), a gnoll and a friendly
orc skeleton.

Vanquished Creatures
  Natasha (thrice) (D:2)
  2 gnolls (D:4)
  5 adders
  3 worms
  A dart slug (D:4)
  6 orcs
  9 ball pythons
  8 bats
  An endoplasm (D:3)
  2 giant cockroaches (D:1)
  8 goblins
  11 hobgoblins
  4 jackals (D:3)
  6 quokkas
  2 frilled lizards
  5 kobolds
  3 rats
79 creatures vanquished.

Vanquished Creatures (collateral kills)
  A dart slug (D:1)
  A bat (D:3)
  An endoplasm (D:3)
  A hobgoblin (D:3)
  A quokka (D:4)
  2 frilled lizards
  A rat (D:1)
8 creatures vanquished.

Grand Total: 87 creatures vanquished

Notes
Turn   | Place    | Note
-------+----------+-------------------------------------------
     0 | D:1      | experimilk the Deep Elf Necromancer began the quest for the
                  | Orb.
     0 | D:1      | Reached XP level 1. HP: 10/10 MP: 6/6
   105 | D:1      | Reached skill level 5 in Necromancy
   292 | D:1      | Reached XP level 2. HP: 15/15 MP: 6/8
   595 | D:1      | Reached skill level 6 in Necromancy
   746 | D:1      | Reached XP level 3. HP: 19/19 MP: 6/9
   869 | D:2      | Noticed Natasha
   876 | D:1      | Learned a level 3 spell: Vampiric Draining
   885 | D:2      | Killed Natasha
  1117 | D:2      | Noticed Natasha
  1121 | D:2      | Killed Natasha
  1122 | D:2      | Reached skill level 7 in Necromancy
  1122 | D:2      | Reached XP level 4. HP: 24/24 MP: 6/10
  1138 | D:2      | Noticed Natasha
  1147 | D:2      | Killed Natasha
  1281 | D:2      | Found a shadowy altar of Dithmenos.
  1288 | D:2      | Noticed Robin
  1824 | D:2      | Reached XP level 5. HP: 28/28 MP: 6/11
  1867 | D:2      | Learned a level 5 spell: Agony
  2504 | D:3      | Reached skill level 8 in Necromancy
  2607 | D:3      | Found a shimmering altar of Xom.
  4021 | D:4      | Killed from afar by an orc wizard

Illustrated notes

Levels and vault maps discovered:
D:1:      minmay_arrival_three_doors, layout_loops_ring,
          minmay_tree_intersection
D:2:      layout_basic, basic_altar, uniq_robin, uniq_natasha
D:3:      layout_basic, mainiacjoe_overflow_small_starburst, minmay_diced_spiral
D:4:      layout_cave_pools, hellmonk_overflow_destroyed_library

Skill      XL: |  1  2  3  4  5 |
---------------+----------------+-----
Necromancy     | 5 6 7 8 |  8.7
Dodging        | |  2.4
Stealth        | |  2.4
Spellcasting   | |  3.0

Action                     |  1- 3 |  4- 6 || total
---------------------------+-------+-------++-------
  Melee: Short sword       |       |    14 ||    14
   Cast: Necrotise         |    41 |   102 ||   143
         Vampiric Draining |       |     3 ||     3
    Use: Scroll            |     4 |     4 ||     8
 Armour: Robe              |     2 |    27 ||    29
  Dodge: Dodged            |     4 |    30 ||    34

Table legend: (Time is in decaauts)
 A = Elapsed time spent in this place.
 B = Non-inter-level travel time spent in this place.
 C = Inter-level travel time spent in this place.
 D = Time resting spent in this place.
 E = Time spent auto-exploring this place.
 F = Levels seen in this place.
 G = Mean time per level.
                   A        B        C        D        E       F      G
               +--------+--------+--------+--------+--------+-----+--------+
         Total |   4022 |   3976 |     46 |   1043 |   2209 |   4 | 1005.5 |
       Dungeon |   4022 |   3976 |     46 |   1043 |   2209 |   4 | 1005.5 |
               +--------+--------+--------+--------+--------+-----+--------+

Top non-repeatable levels by time:
     D:3: 1375 daAuts
     D:1: 1140 daAuts
     D:2: 1136 daAuts
     D:4: 370 daAuts
